 Dungeon Crawl Stone Soup version 0.20.0-10-g0535bb4 (console) character file.

1102 removed the Skirmisher (level 8, 0/51 HPs)
             Began as a Deep Elf Assassin on June 4, 2017.
             Killed by nerve-wracking pain
             ... invoked by an orc priest
              (12 damage)
             ... on level 6 of the Dungeon.
             The game lasted 00:08:53 (7365 turns).

removed the Skirmisher (Deep Elf Assassin)          Turns: 7365, Time: 00:08:53

Health: 0/51       AC:  4    Str:  8    XL:     8   Next: 10%
Magic:  10/10      EV: 16    Int: 19    God:
Gold:   344        SH:  0    Dex: 16    Spells: 7/7 levels left

rFire    + . .     SeeInvis .   a - +2 dagger
rCold    . . .     Gourm    .   (no shield)
rNeg     . . .     Faith    .   c - +0 robe
rPois    +         Spirit   .   (no helmet)
rElec    .         Reflect  .   d - +0 cloak
rCorr    .         Harm     .   s - +0 pair of gloves
MR       .....                  (no boots)
Stlth    +++.......             E - amulet of rage
Regen    0.2/turn               p - ring of protection from fire
MPRegen  0.2/turn               y - ring of poison resistance

@: no status effects
A: no striking features
a: Evoke Berserk Rage


You were on level 6 of the Dungeon.
You were not hungry.

You visited 1 branch of the dungeon, and saw 6 of its levels.

You collected 344 gold pieces.

Inventory:

Hand Weapons
 a - a +2 dagger (weapon)
 b - a +0 blowgun
Missiles
 e - 39 poisoned needles
 f - 4 curare-tipped needles
Armour
 c - a +0 robe (worn)
 d - a +0 cloak (worn)
 s - a +0 pair of gloves (worn)
Jewellery
 p - a ring of protection from fire (left hand)
 q - an uncursed ring of positive energy
 y - a ring of poison resistance (right hand)
 E - an amulet of rage (around neck)
Wands
 w - a wand of random effects (21/48)
Scrolls
 h - 2 scrolls of fog {unknown}
 k - a scroll of amnesia {unknown}
 m - a scroll of remove curse {unknown}
 t - 4 scrolls of teleportation {unknown}
 v - 2 scrolls of identify {unknown}
 F - a scroll of blinking {unknown}
 G - a scroll of enchant weapon {unknown}
Potions
 j - 2 potions of berserk rage {unknown}
 u - 2 potions of curing
 z - a potion of brilliance {unknown}
 B - a potion of haste {unknown}
 C - 2 potions of heal wounds {unknown}
 D - a potion of invisibility {unknown}
 H - a potion of magic {unknown}
Comestibles
 g - 2 bread rations
 n - 2 royal jellies
 r - 7 fruits
 x - 2 meat rations
 I - a chunk of flesh


   Skills:
 + Level 6.2 Fighting
 - Level 4.0 Short Blades
 - Level 2.0 Throwing
 - Level 6.1 Dodging
 - Level 4.8 Stealth


You had 7 spell levels left.
You didn't know any spells.

Dungeon Overview and Level Annotations

Branches:
Dungeon (6/15)
 Temple: D:4-7

Altars:


Message History

You closely miss the orc priest. The hound bites you but does no damage.
You hit the orc priest.
The orc priest is lightly wounded.
The hound closely misses you. The orc priest closely misses you.
You are too injured to fight recklessly!
You barely miss the orc priest.
The orc priest is lightly wounded.
The hound bites you.
The orc priest hits you but does no damage.
The hound closely misses you.
You are too injured to fight recklessly!
You hit the orc priest but do no damage.
The orc priest is lightly wounded.
The orc priest calls down the wrath of Beogh upon you.
Beogh smites you!
* * * LOW HITPOINT WARNING * * *
The hound closely misses you.
The orc priest calls down the wrath of Beogh upon you.
Pain shoots through your body!
You die...

..
##..#......##.......
.!.
.......#...........
..##..##..............
...........#........#
#.#.......#......###
....# #............
##.## #..#
#.......#.###
......##h###..#....#.#
#oo@†..........#.#
#.##.#.......#.... #
#.#.....###....
#++.....# .... ......#
#. .......# ........#
........#


You could see a hound and 2 orc priests.

Vanquished Creatures
  2 ogres
  A centaur (D:5)
  A scorpion (D:5)
  2 howler monkeys
  The ghost of removed the Sneak, a weakling DEAs (D:3)
  A crimson imp (D:5)
  3 hounds
  An orc priest (D:4)
  3 orc wizards
  Jessica (D:2)
  A centaur skeleton (D:5)
  2 iguanas
  3 worker ants
  2 hound zombies (D:5)
  A hound skeleton (D:3)
  9 adders
  3 gnolls (D:3)
  A shadow imp (D:2)
  An ooze (D:1)
  An adder skeleton (D:5)
  An adder zombie (D:5)
  2 worms
  2 dart slugs
  4 leopard geckos
  10 orcs
  3 ball pythons
  6 giant cockroaches
  5 goblins
  5 hobgoblins
  14 jackals
  5 quokkas
  A ball python skeleton (D:3)
  6 bats
  4 frilled lizards
  A jackal skeleton (D:6)
  9 kobolds
  4 rats
  A fungus (D:5)
123 creatures vanquished.

Notes
Turn   | Place    | Note
-------+----------+-------------------------------------------
     0 | D:1      | removed the Deep Elf Assassin began the quest for the Orb.
     0 | D:1      | Reached XP level 1. HP: 12/12 MP: 3/3
    77 | D:1      | Reached XP level 2. HP: 5/16 MP: 4/4
  1264 | D:1      | Reached XP level 3. HP: 17/20 MP: 5/5
  2080 | D:2      | Reached XP level 4. HP: 15/25 MP: 6/6
  2532 | D:2      | Noticed Jessica
  2550 | D:2      | Killed Jessica
  2782 | D:2      | Reached XP level 5. HP: 9/29 MP: 7/7
  3257 | D:3      | Noticed removed's ghost (weakling DEAs)
  3273 | D:3      | Killed removed's ghost
  4634 | D:4      | Reached XP level 6. HP: 21/37 MP: 8/8
  5113 | D:4      | Reached skill level 5 in Dodging
  5345 | D:4      | Reached XP level 7. HP: 42/42 MP: 9/9
  5758 | D:5      | Entered Level 5 of the Dungeon
  6312 | D:5      | Reached skill level 5 in Fighting
  7062 | D:6      | Reached XP level 8. HP: 11/51 MP: 10/10
  7365 | D:6      | Killed from afar by an orc priest

Skill      XL: |  1  2  3  4  5  6  7  8 |
---------------+-------------------------+-----
Short Blades   | 3 4 |  4.0
Dodging        | 2 4 6 |  6.1
Fighting       | 3 5 6 |  6.2
Throwing       | |  2.0
Stealth        | |  4.8

Action                   |  1- 3 |  4- 6 |  7- 9 || total
-------------------------+-------+-------+-------++-------
Melee: Dagger            |   152 |   204 |   177 ||   533
 Fire: Blowgun           |    26 |   121 |    49 ||   196
 Stab: Sleeping          |     9 |     3 |     5 ||    17
       Distracted        |       |     1 |       ||     1
  Eat: Chunk             |     4 |    10 |     2 ||    16
       Bread ration      |       |       |     1 ||     1
Armor: Robe              |    42 |    57 |    23 ||   122
Dodge: Dodged            |    89 |   167 |   145 ||   401
